Map: Newkirk Precinct TE (Void)

Players

Raze - Winner!

  • Race: Terran Terran
  • League: Grandmaster
  • Spawn Location: 7:00

Railgan

  • Race: Zerg Zerg
  • League: Grandmaster
  • Spawn Location: 5:00

VOD

Have the link to the VOD?

Description

Time

  • Played on: March 25, 2017, 6:16 p.m.
  • Length: 8:39
Show
View Real Time Build Order
Export as new Build Order

Raze Terran - Winner!

Build Orders:  

Get SALT Encoding   

  12  0:00  SCV  
  13  0:12  SCV  
  14  0:18  Supply Depot  
  14  0:24  SCV  
  15  0:39  SCV  
  16  0:43  Barracks  
  16  0:45  Refinery  
  16  0:51  SCV  
  17  1:03  SCV  
  18  1:15  SCV  
  19  1:30  Orbital Command  
  20  1:38  Barracks Reactor  
  19  1:42  Command Center  
  19  1:50  Supply Depot  
  19  1:55  SCV  
  20  2:05  Factory  
  20  2:07  SCV  
  21  2:14  Marine  
  21  2:15  Marine  
  23  2:19  Refinery, SCV  
  24  2:31  SCV  
  24  2:32  Marine x2  
  27  2:43  SCV  
  28  2:50  Marine x2, Starport  
  30  2:52  Factory Tech Lab  
  30  2:55  SCV  
  31  2:59  Orbital Command  
  31  3:08  Marine, SCV  
  31  3:09  Marine  
  34  3:18  Siege Tank  
  37  3:21  SCV  
  37  3:25  SCV  
  39  3:29  Supply Depot  
  39  3:34  Viking  
  39  3:38  SCV  
  39  3:40  SCV  
  43  3:42  Marine  
  43  3:44  Marine  
  44  3:50  SCV  
  44  3:52  SCV  
  46  3:56  Supply Depot  
  46  4:02  Marine x2  
  46  4:06  SCV  
  48  4:13  SCV  
  41  4:18  SCV  
  41  4:20  Marine x2  
  43  4:25  SCV  
  43  4:34  Cloaking Field  
  43  4:35  Banshee, Factory Tech Lab  
  46  4:39  SCV  
  46  4:48  SCV  
  47  4:57  Bunker, Siege Tank, SCV  
  51  5:00  SCV  
  51  5:05  Bunker  
  52  5:07  Marine x2  
  54  5:30  Command Center  
  54  5:33  Supply Depot  
  54  5:35  Banshee, SCV x2  
  59  5:44  Marine  
  59  5:45  Stimpack  
  59  5:47  SCV  
  59  5:48  SCV  
  59  5:49  Factory Reactor  
  62  5:50  Barracks  
  62  5:51  Barracks  
  62  6:01  Marine  
  62  6:02  SCV  
  64  6:13  SCV  
  64  6:15  SCV  
  66  6:20  Supply Depot  
  66  6:26  Engineering Bay, SCV  
  66  6:27  Engineering Bay, SCV  
  66  6:31  Starport Reactor  
  68  6:35  Marine  
  69  6:41  Barracks  
  69  6:43  Barracks, SCV  
  69  6:44  SCV  
  69  6:45  Orbital Command  
  71  6:47  Supply Depot  
  71  6:50  Marine  
  71  6:51  Marine  
  71  6:52  Marine  
  74  6:56  SCV x2  
  76  7:05  Marine  
  76  7:08  SCV x2  
  79  7:10  Refinery  
  79  7:11  Refinery, Orbital Command  
  79  7:18  Medivac x2  
  83  7:23  Marine  
  83  7:24  SCV x2  
  83  7:28  Supply Depot  
  86  7:31  Barracks Reactor x2  
  86  7:34  Supply Depot  
  86  7:35  Supply Depot  
  86  7:36  SCV x2  
  88  7:41  SCV  
  89  7:44  Marine  
  89  7:45  Marine x2  
  89  7:48  Medivac, SCV  
  95  7:57  Missile Turret  
  95  8:00  Missile Turret, Armory  
  95  8:05  Missile Turret  
  95  8:07  SCV x2  
  95  8:12  Supply Depot  
  97  8:14  SCV  
  97  8:15  Marine  
  97  8:17  Marine  
  97  8:19  SCV  
Show
View Real Time Build Order
Export as new Build Order

Railgan Zerg 

Build Orders: Pool First 

Get SALT Encoding   

  12  0:01  Drone  
  13  0:13  Overlord  
  13  0:18  Drone  
  14  0:32  Drone x2  
  14  0:33  Extractor  
  15  0:37  Drone  
  16  0:51  Spawning Pool  
  16  0:52  Drone  
  16  0:57  Drone  
  17  1:08  Drone  
  18  1:18  Drone  
  19  1:30  Hatchery  
  19  1:32  Drone  
  19  1:42  Queen  
  19  1:46  Zergling x2  
  22  1:53  Metabolic Boost  
  22  2:04  Roach Warren  
  22  2:06  Drone  
  22  2:13  Overlord  
  22  2:21  Overlord  
  22  2:45  Roach x4  
  30  2:54  Roach  
  30  2:56  Roach x2  
  36  3:04  Roach  
  38  3:10  Overlord  
  38  3:12  Zergling x2  
  39  3:14  Roach  
  39  3:15  Zergling x2  
  39  3:23  Zergling x4  
  39  3:24  Zergling x2  
  43  3:27  Ravager  
  43  3:29  Zergling x2  
  43  3:32  Zergling x2  
  44  3:41  Zergling x6  
  45  3:46  Ravager  
  48  3:51  Ravager  
  48  3:52  Zergling x4  
  51  4:04  Overlord  
  39  4:21  Zergling x10  
  37  4:33  Drone x3  
  37  4:35  Queen  
  42  4:45  Drone x2  
  44  4:54  Overlord  
  44  4:55  Drone  
  45  5:04  Drone  
  45  5:05  Drone x2  
  45  5:06  Drone x2  
  48  5:18  Drone x2  
  48  5:19  Lair  
  50  5:27  Drone, Overlord  
  51  5:34  Drone x3  
  54  5:37  Drone  
  55  5:46  Drone  
  55  5:49  Extractor x2, Overlord  
  54  5:54  Roach x2  
  54  5:56  Spore Crawler  
  55  5:57  Spore Crawler  
  55  5:59  Queen  
  55  6:01  Drone  
  55  6:08  Drone x2  
  55  6:11  Drone  
  55  6:15  Drone  
  48  6:18  Drone  
  48  6:24  Drone  
  45  6:35  Spire  
  45  6:38  Drone x2  
  46  6:40  Drone  
  46  6:43  Drone  
  46  6:46  Drone  
  49  6:49  Drone  
  49  6:53  Drone  
  51  6:57  Overlord  
  51  7:00  Drone  
  52  7:05  Drone x2  
  52  7:08  Drone  
  55  7:09  Extractor  
  55  7:10  Drone  
  55  7:15  Overlord  
  55  7:18  Drone  
  55  7:21  Drone x2  
  58  7:25  Ravager  
  59  7:30  Overseer  
  59  7:42  Drone  
  59  7:46  Mutalisk x4  
  67  7:52  Drone, Mutalisk  
  70  8:13  Overlord  
  70  8:14  Hatchery  
  70  8:16  Drone x2  
  70  8:18  Evolution Chamber x2, Roach x3  
  75  8:22  Ravager  
Tags
 
Add a new tag
Caveats
  • Supply blocks, unpowered buildings, or Contaminate may cause inaccurate times.
  • Supply counts are checked every 10 seconds.